Map: Blackpink LE

Players

ShoWTimE

  • Race: Protoss Protoss
  • Spawn Location: 7:00

Namshar - Winner!

  • Race: Zerg Zerg
  • Spawn Location: 1:00

Event: WCS Leipzig 2018

VOD

Have the link to the VOD?

Description

Time

  • Played on: Jan. 27, 2018, 6:21 a.m.
  • Length: 8:34

All games in this series

Show
View Real Time Build Order
Export as new Build Order

ShoWTimE Protoss 

Build Orders: 1 Gate Expand, Oracle Opening, Phoenix Opening, Zealot Archon, Archon Drop 

Get SALT Encoding   

  12  0:00  Probe  
  13  0:12  Probe  
  14  0:19  Pylon  
  14  0:24  Probe  
  15  0:37  Probe (Chrono Boost)  
  16  0:45  Gateway  
  16  0:47  Probe (Chrono Boost), Assimilator  
  17  0:51  Probe (Chrono Boost)  
  18  1:03  Probe  
  19  1:15  Probe  
  20  1:24  Nexus  
  20  1:34  Cybernetics Core  
  20  1:38  Probe  
  21  1:43  Assimilator  
  21  1:50  Probe  
  21  1:53  Pylon  
  22  2:02  Probe  
  23  2:10  Adept (Chrono Boost)  
  23  2:14  Probe  
  26  2:15  Stargate  
  26  2:22  Warp Gate  
  26  2:27  Probe (Chrono Boost)  
  26  2:28  Adept  
  30  2:37  Probe (Chrono Boost)  
  31  2:44  Probe (Chrono Boost)  
  31  2:46  Probe (Chrono Boost)  
  31  2:51  Probe x2 (Chrono Boost)  
  33  2:56  Oracle (Chrono Boost)  
  34  3:02  Probe  
  34  3:03  Probe  
  39  3:07  Pylon  
  39  3:14  Probe  
  39  3:15  Probe  
  39  3:19  Gateway  
  41  3:23  Phoenix (Chrono Boost)  
  41  3:27  Probe x2  
  44  3:30  Adept  
  47  3:34  Assimilator  
  47  3:38  Assimilator  
  47  3:40  Probe (Chrono Boost)  
  48  3:45  Pylon  
  48  3:47  Probe (Chrono Boost)  
  51  3:56  Probe (Chrono Boost)  
  51  3:57  Probe (Chrono Boost)  
  51  4:02  Probe (Chrono Boost)  
  51  4:03  Probe, Twilight Council  
  51  4:08  Robotics Facility  
  53  4:13  Probe  
  53  4:15  Probe  
  55  4:18  Gateway  
  55  4:19  Gateway  
  55  4:23  Gateway  
  55  4:26  Probe  
  55  4:31  Gateway  
  56  4:37  Pylon  
  56  4:40  Charge (Chrono Boost)  
  56  4:51  Templar Archives, Zealot x2  
  60  4:55  Warp Prism (Chrono Boost)  
  62  5:10  Pylon  
  62  5:21  Pylon  
  62  5:28  High Templar x3  
  68  5:29  High Templar, Zealot x2  
  68  5:32  Pylon  
  68  5:33  Archon x2  
  74  5:38  Nexus  
  74  5:49  Probe x2  
  76  5:50  Observer  
  76  5:56  Zealot x2  
  81  6:00  Zealot x3  
  81  6:01  Zealot  
  89  6:09  Probe x2, Pylon  
  89  6:10  Psionic Storm  
  89  6:21  Probe  
  89  6:22  Probe  
  81  6:27  High Templar  
  81  6:28  High Templar  
  71  6:34  Probe  
  71  6:36  High Templar, Zealot x2  
  71  6:37  Zealot  
  71  6:38  Probe, Shield Battery  
  71  6:39  Shield Battery  
  79  6:46  Probe, Observer (Chrono Boost)  
  75  6:58  Gateway  
  75  6:59  Gateway, Zealot x3  
  81  7:03  Observer  
  81  7:04  Zealot  
  81  7:05  Zealot  
  85  7:09  Immortal (Chrono Boost)  
  89  7:19  High Templar x2  
  90  7:24  Archon  
  90  7:28  Zealot x4  
  98  7:36  Archon  
  70  7:50  Zealot x4  
  66  7:53  Immortal (Chrono Boost)  
  66  7:54  Zealot x3  
  66  7:58  Pylon  
  68  8:05  Zealot  
  66  8:11  Zealot x2  
  68  8:15  Zealot x3  
  63  8:27  Zealot  
Show
View Real Time Build Order
Export as new Build Order

Namshar Zerg - Winner!

Build Orders: Hatch First 

Get SALT Encoding   

  12  0:00  Drone  
  13  0:12  Overlord  
  13  0:17  Drone  
  14  0:30  Drone  
  14  0:31  Drone  
  14  0:34  Drone  
  17  0:51  Hatchery  
  17  0:55  Drone  
  17  0:57  Drone  
  18  1:10  Extractor  
  17  1:12  Spawning Pool  
  17  1:14  Drone  
  17  1:18  Drone  
  18  1:28  Drone  
  19  1:39  Overlord  
  19  1:50  Drone  
  20  1:58  Queen  
  20  2:01  Zergling x2  
  23  2:03  Zergling x2, Queen  
  26  2:09  Metabolic Boost  
  26  2:10  Drone  
  27  2:16  Drone  
  27  2:21  Drone  
  29  2:24  Drone  
  30  2:35  Hatchery  
  29  2:38  Drone  
  29  2:40  Drone  
  31  2:45  Overlord  
  31  2:51  Queen  
  31  2:55  Drone  
  34  2:59  Drone x2  
  36  3:08  Lair  
  36  3:09  Drone  
  37  3:13  Drone x2  
  37  3:14  Drone  
  40  3:20  Overlord  
  40  3:23  Drone x2  
  42  3:35  Overlord  
  42  3:36  Drone  
  43  3:41  Extractor  
  43  3:42  Drone, Extractor  
  43  3:43  Drone x2  
  43  3:45  Drone x3  
  43  3:46  Drone  
  48  3:49  Queen  
  49  4:01  Drone  
  47  4:07  Drone x5  
  52  4:14  Spore Crawler  
  51  4:18  Hydralisk Den  
  51  4:19  Drone x2  
  51  4:20  Extractor  
  51  4:22  Drone  
  51  4:23  Drone  
  53  4:27  Drone  
  54  4:33  Overlord  
  54  4:36  Drone, Spore Crawler  
  51  4:51  Lurker Den  
  51  4:52  Drone  
  51  4:53  Drone  
  51  4:54  Drone x2  
  54  5:01  Muscular Augments, Overlord  
  54  5:02  Overlord  
  54  5:16  Hydralisk  
  54  5:17  Hydralisk x2  
  60  5:24  Hydralisk x2  
  64  5:29  Hydralisk  
  64  5:30  Hydralisk  
  68  5:44  Hydralisk x4  
  75  5:52  Hydralisk  
  75  5:53  Hydralisk x2  
  81  5:58  Overlord  
  81  6:00  Overlord  
  81  6:06  Hydralisk, Overlord  
  76  6:21  Hydralisk x4  
  70  6:33  Hydralisk x3  
  74  6:45  Hydralisk  
  76  6:55  Hydralisk  
  76  6:56  Zergling x10  
  76  6:57  Zergling x6  
  76  6:58  Zergling x4  
  76  6:59  Zergling x4  
  90  7:03  Lurker  
  90  7:07  Queen  
  93  7:09  Overlord  
  93  7:12  Lurker  
  94  7:17  Overseer  
  94  7:19  Zergling x2  
  94  7:20  Zergling x6  
  98  7:36  Hydralisk  
  91  7:37  Zergling x2, Hydralisk x3  
  91  7:41  Zergling x2, Hydralisk  
  87  7:49  Hydralisk  
  82  7:57  Hydralisk x2  
  81  8:09  Hydralisk  
  81  8:10  Hydralisk x2  
Tags
 
Add a new tag
Caveats
  • Supply blocks, unpowered buildings, or Contaminate may cause inaccurate times.
  • Supply counts are checked every 10 seconds.